 Dungeon Crawl Stone Soup version 0.26-a0-660-gc07710193c (webtiles) character file.

Game seed: 18252870773554102474

339 tacoguy the Gusty (level 6, -2/32 HPs)
             Began as a Tengu Air Elementalist on Oct 5, 2020.
             Slain by a phantom (7 damage)
             ... on level 4 of the Dungeon.
             The game lasted 00:20:25 (4722 turns).

tacoguy the Gusty (Tengu Air Elementalist)          Turns: 4722, Time: 00:20:28

Health: -2/32      AC:  5    Str:  8    XL:     6   Next: 55%
Magic:  0/12       EV: 13    Int: 17    God:
Gold:   184        SH:  0    Dex: 15    Spells: 2/11 levels left

rFire    . . .     SeeInvis .   g - +2 short sword (protect)
rCold    . . .     Faith    +   (no shield)
rNeg     . . .     Spirit   .   a - +0 robe
rPois    .         Reflect  .   (helmet restricted)
rElec    .         Harm     .   m - +2 cloak
rCorr    .         Rampage  .   (no gloves)
MR       .....                  (boots unavailable)
Stlth    +++.......             n - amulet of faith
HPRegen  0.10/turn              j - ring of stealth
MPRegen  0.13/turn              (no ring)

@: no status effects
A: beak, talons 3, able to fly
a: Fly


You were on level 4 of the Dungeon.
You visited 1 branch of the dungeon, and saw 4 of its levels.

You collected 184 gold pieces.

Inventory:

Hand Weapons
 g - a +2 short sword of protection (weapon)
Armour
 a - a +0 robe (worn)
 m - a +2 cloak (worn)
Jewellery
 j - a ring of stealth (left hand)
 n - an amulet of faith (around neck)
Wands
 i - a wand of acid (9)
 o - a wand of enslavement (4)
Scrolls
 b - a scroll of teleportation {unknown}
 c - 4 scrolls of identify
 f - a scroll of immolation {unknown}
 h - a scroll of noise {unknown}
 k - 2 scrolls of remove curse {unknown}
Potions
 d - a potion of invisibility {unknown}
 l - 2 potions of magic {unknown}


   Skills:
 - Level 2.4 Dodging
 - Level 2.0 Stealth
 + Level 3.4 Spellcasting
 + Level 4.1 Conjurations
 * Level 7.3 Air Magic


You had 2 spell levels left.
You knew the following spells:

 Your Spells              Type           Power        Failure   Level
a - Shock                 Conj/Air       ###.         1%          1
b - Static Discharge      Conj/Air       ###.....     4%          3
c - Lightning Bolt        Conj/Air       ###.......   41%         5

Your spell library contained the following spells:

 Spells                   Type           Power        Failure   Level
 Swiftness                Air            ####....     1%          2
 Airstrike                Air            ####......   9%          4


Dungeon Overview and Level Annotations

Branches:
Dungeon (4/15)
 Temple: D:4-7

Altars:
Uskayaw
Yredelemnul


Innate Abilities, Weirdness & Mutations

You have a beak for a mouth.
You have claws for feet.
You can fly continuously.


Message History

The phantom blinks!
Casting: Shock (safe; 1% risk of failure)
Confirm with . or Enter, or press ? or * to list all spells.
You don't have enough magic to cast that spell.
The phantom blinks!
The phantom blinks!
Casting: Shock (safe; 1% risk of failure)
Confirm with . or Enter, or press ? or * to list all spells.
Aiming: Shock (safe; 1% risk of failure)
Press: ? - help, Shift-Dir - straight line, f/p - phantom
Aim: a phantom (almost destroyed) That beam is likely to hit you.
Continue anyway?
The zap hits the phantom but does no damage.
The phantom is almost destroyed.
The zap hits the phantom.
The phantom is almost destroyed.
The zap hits you.
* * * LOW HITPOINT WARNING * * *
The phantom hits you!
You die...

...# #........####.. ...
.......?.....<. .. ..#
#.#............ ... ..
...>....W###... ...B #[
##........
....##.##########.......
...<.........ยง..........
###....W################
#....@# #.....# #######


You could see a phantom.

Vanquished Creatures
  A jelly (D:1)
  4 orc wizards (D:3)
  A hound skeleton (D:4)
  6 adders
  8 oozes
  3 worms
  A dart slug (D:1)
  A leopard gecko (D:3)
  7 orcs (D:3)
  9 bats
  4 giant cockroaches (D:1)
  5 goblins
  4 hobgoblins
  7 jackals (D:1)
  8 kobolds
  A quokka (D:3)
  4 frilled lizards
  18 rats
92 creatures vanquished.

Notes
Turn   | Place    | Note
-------+----------+-------------------------------------------
     0 | D:1      | tacoguy the Tengu Air Elementalist began the quest for the
                  | Orb.
     0 | D:1      | Reached XP level 1. HP: 10/10 MP: 4/4
     0 | D:1      | Noticed a jelly
     1 | D:1      | Found a runed translucent door.
   206 | D:1      | Reached XP level 2. HP: 15/15 MP: 4/6
  1170 | D:2      | Found a hide-covered altar of Uskayaw.
  1187 | D:2      | Reached XP level 3. HP: 16/19 MP: 0/7
  1257 | D:2      | Learned a level 3 spell: Static Discharge
  1358 | D:1      | Reached skill level 5 in Air Magic
  1432 | D:1      | Reached XP level 4. HP: 13/24 MP: 1/8
  2472 | D:2      | Gained mutation: You can fly continuously. [Tengu growth]
  2472 | D:2      | Reached XP level 5. HP: 28/28 MP: 2/10
  2763 | D:2      | Reached skill level 6 in Air Magic
  3200 | D:3      | Learned a level 5 spell: Lightning Bolt
  3967 | D:3      | Reached XP level 6. HP: 32/32 MP: 9/11
  4039 | D:3      | Reached skill level 7 in Air Magic
  4282 | D:3      | Found a basalt altar of Yredelemnul.
  4645 | D:4      | Noticed a phantom
  4676 | D:4      | HP: 1/32 [phantom (7)]
  4722 | D:4      | Slain by a phantom

Illustrated notes

Levels and vault maps discovered:
D:1:      dpeg_arrival_caged_fury, layout_basic, hangedman_feature_mirror,
          minmay_misc_feat_rows
D:2:      layout_basic, eat_drink_and_be_merry_uskayaw, minmay_misc_feat_plants
D:3:      layout_loops_ring, nicolae_overflow_crystal_walls,
          kennysheep_generic_room_13
D:4:      layout_rooms

Skill      XL: |  1  2  3  4  5  6 |
---------------+-------------------+-----
Conjurations   | 2 3 4 |  4.1
Air Magic      | 5 6 7 |  7.3
Spellcasting   | 3 |  3.4
Dodging        | |  2.4
Stealth        | |  2.0

Action                   |  1- 3 |  4- 6 || total
-------------------------+-------+-------++-------
Melee: Short sword       |    13 |    23 ||    36
       Peck              |     3 |     1 ||     4
       Kick              |     1 |     5 ||     6
 Cast: Shock             |    40 |   119 ||   159
       Static Discharge  |     3 |    14 ||    17
  Use: Scroll            |     3 |       ||     3
       Potion            |     1 |     3 ||     4
Armor: Robe              |    17 |     4 ||    21
Dodge: Dodged            |    27 |    34 ||    61

Table legend: (Time is in decaauts)
 A = Elapsed time spent in this place.
 B = Non-inter-level travel time spent in this place.
 C = Inter-level travel time spent in this place.
 D = Time resting spent in this place.
 E = Time spent auto-exploring this place.
 F = Levels seen in this place.
 G = Mean time per level.
                   A        B        C        D        E       F      G
               +--------+--------+--------+--------+--------+-----+--------+
         Total |   4724 |   3873 |    851 |   1697 |   1569 |   4 | 1181.0 |
       Dungeon |   4724 |   3873 |    851 |   1697 |   1569 |   4 | 1181.0 |
               +--------+--------+--------+--------+--------+-----+--------+

Top non-repeatable levels by time:
     D:1: 2076 daAuts
     D:3: 1557 daAuts
     D:2: 1013 daAuts
     D:4: 77 daAuts
